[Event "Baltic Zonal III Stage 2018"]
[Site "Liepaja"]
[Date "2018.07.15"]
[Round "9"]
[White "Vicas, Marijus"]
[Black "Pedoson, Georg Aleksander"]
[Result "1/2-1/2"]
[ECO "C42"]
[WhiteElo "2183"]
[BlackElo "2176"]
[Annotator "NA"]
[PlyCount "114"]
[EventDate "2018.07.09"]
[EventType "swiss"]
[EventCountry "LAT"]
[SourceTitle "playchess.com"]
[Source "ChessBase"]
[SourceQuality "1"]
[TimeControl "5400+30"]

1. e4 e5 2. Nf3 Nf6 3. Nxe5 d6 4. Nf3 Nxe4 5. Nc3 Nxc3 6. dxc3 Be7 7. Be3 Nc6 8. Qd2 a6 9. O-O-O Be6 10. Kb1 Qd7 11. Be2 O-O-O 12. Nd4 Bf6 13. Nxe6 fxe6 14. f4 Rhe8 15. g4 g6 16. h4 e5 17. h5 exf4 18. Bxf4 Ne5 19. g5 Bg7 20. hxg6 hxg6 21. Qd4 Nc6 22. Qd3 Be5 23. Bc1 Bh8 24. Bf1 Ne5 25. Qe4 Qc6 26. Qxc6 Nxc6 27. Rh6 Ne5 28. Bf4 Rg8 29. Bh3+ Kb8 30. Be6 Rge8 31. Bxe5 dxe5 32. Rxd8+ Rxd8 33. a3 e4 34. Rxg6 e3 35. Bc4 Re8 36. Kc1 Bxc3 37. bxc3 e2 38. Bxe2 Rxe2 39. Rg8+ Ka7 40. g6 Rg2 41. Kb2 Kb6 42. Kb3 Rg4 43. c4 Rg3+ 44. c3 Rg2 45. Rg7 Kc6 46. a4 a5 47. Rg8 b6 48. Rg7 Kb7 49. Rg8 Kc6 50. g7 Kc5 51. Rd8 Rxg7 52. Rd5+ Kc6 53. Rh5 Rg1 54. Rh6+ Kc5 55. Rh5+ Kc6 56. Rh6+ Kc5 57. Rh5+ Kc6 1/2-1/2